 Dungeon Crawl Stone Soup version 0.26-a0-455-g0958c023ba (webtiles) character file.

Game seed: 4364735582286578854

2197 Apogee the Cleaver (level 9, -1/83 HPs)
             Began as a Minotaur Berserker on July 29, 2020.
             Was an Elder of Trog.
             Slain by an orc warrior
             ... wielding a +2 vorpal glaive
              (2 damage)
             ... on level 7 of the Dungeon.
             The game lasted 00:06:24 (6008 turns).

Apogee the Cleaver (Minotaur Berserker)             Turns: 6008, Time: 00:06:25

Health: -1/83      AC: 13    Str: 26    XL:     9   Next: 12%
Magic:  8/8        EV: 10    Int:  7    God:    Trog [****..]
Gold:   424        SH:  0    Dex:  9    Spells: 8/8 levels left

rFire    . . .     SeeInvis .   a - +0 hand axe
rCold    . . .     Faith    .   (no shield)
rNeg     . . .     Spirit   .   C - +6 scale mail of Dishonour {Int+3}
rPois    .         Reflect  .   (helmet restricted)
rElec    .         Harm     .   F - scarf {+Inv}
rCorr    .                      (no gloves)
MR       .....                  r - +0 pair of boots
Stlth    ..........             (no amulet)
HPRegen  0.23/turn              (no ring)
MPRegen  0.11/turn              (no ring)

@: berserk cooldown
A: retaliatory headbutt, horns 2
a: Berserk, Trog's Hand, Brothers in Arms, Renounce Religion, Evoke Invisibility


You were on level 7 of the Dungeon.
You worshipped Trog.
Trog was greatly pleased with you.
You visited 1 branch of the dungeon, and saw 7 of its levels.

You collected 424 gold pieces.

Inventory:

Hand Weapons
 a - a +0 hand axe (weapon)
 A - a +0 hunting sling
   (You found it on level 1 of the Dungeon)
Missiles
 k - 37 sling bullets
 t - 32 stones (quivered)
Armour
 b - a +0 animal skin
 h - a +0 ring mail
   (You found it on level 1 of the Dungeon)
 r - a +0 pair of boots (worn)
   (You found it on level 2 of the Dungeon)
 s - a +0 cloak
   (You took it off Crazy Yiuf on level 2 of the Dungeon)
 C - the +6 scale mail of Dishonour (worn) {Int+3}
   (You found it on level 4 of the Dungeon)

   It affects your intelligence (+3).
 F - a scarf of invisibility (worn)
   (You found it on level 6 of the Dungeon)
Jewellery
 n - an uncursed amulet of magic regeneration {unknown}
   (You found it on level 2 of the Dungeon)
 v - an uncursed ring of protection from fire {unknown}
   (You found it on level 3 of the Dungeon)
Wands
 d - a wand of iceblast (18)
   (You took it off Ijyb on level 4 of the Dungeon)
 q - a wand of polymorph (11)
   (You found it on level 2 of the Dungeon)
Scrolls
 c - 4 scrolls of remove curse {unknown}
 e - 12 scrolls of identify {unknown}
 f - 2 scrolls of enchant armour {unknown}
 g - 3 scrolls of magic mapping {unknown}
 i - a scroll of enchant weapon {unknown}
 m - 2 scrolls of teleportation {unknown}
 p - a scroll of amnesia {unknown}
 x - 3 scrolls of blinking {unknown}
 y - a scroll of immolation {unknown}
 B - a scroll of noise {unknown}
 E - a scroll of fear {unknown}
Potions
 j - a potion of might {unknown}
 l - a potion of cancellation {unknown}
 o - a potion of brilliance {unknown}
 u - 2 potions of curing {unknown}
 w - 2 potions of haste {unknown}
 z - a potion of flight {unknown}
 D - 2 potions of stabbing {unknown}


   Skills:
 + Level 9.2 Fighting
 * Level 12.0 Axes
 - Level 2.4 Armour
 - Level 2.1 Dodging


You had 8 spell levels left.
You didn't know any spells.
Your spell library was empty.

Dungeon Overview and Level Annotations

Branches:
Dungeon (7/15)             Temple (0/1) D:4

Altars:
Cheibriados
Elyvilon
Ru
Xom
Yredelemnul
Zin

Shops:
D:3 *   D:4 !   D:5 *


Innate Abilities, Weirdness & Mutations

You reflexively headbutt those who attack you in melee.
You have a pair of horns on your head.


Message History

Trog accepts your kill.
Your Fighting skill increases to level 9!
Your Axes skill increases to level 12!
You have reached level 9!
Your experience leads to an increase in your attributes!
Your base attributes are Str 25, Int 4, Dex 9.
Increase (S)trength, (I)ntelligence, or (D)exterity?
You feel stronger.
k - 37 sling bullets (gained 17)
Things that are here:
a +1 spectral quarterstaff; a +0 hunting sling; a +0 ring mail Unknown command.
Unknown command.
You start resting.
You feel a strong urge to attack something.
You are no longer berserk.
You are exhausted.
You feel yourself slow down.
An orc warrior is nearby!
An orc warrior is nearby!
An orc warrior is nearby!
An orc warrior is nearby!
The orc warrior shouts!
The orc warrior hits you with a +2 vorpal glaive!
You hit the orc warrior but do no damage.
You headbutt the orc warrior.
An orc comes into view. It is wielding a +0 club.
You barely miss the orc warrior. You hit the orc.
The orc warrior hits you with a +2 vorpal glaive!!
* * * LOW HITPOINT WARNING * * *
* * * LOW HITPOINT WARNING * * *
The orc hits you with a +0 club.
* * * LOW HITPOINT WARNING * * *
Your two-headed ogre goes berserk!
The orc warrior hits you with a +2 vorpal glaive!
* * * LOW HITPOINT WARNING * * *
* * * LOW HITPOINT WARNING * * *
The orc hits you with a +0 club.
* * * LOW HITPOINT WARNING * * *
You swap places.
You feel yourself speed up.
Your two-headed ogre hits the orc warrior with a cursed -3 giant club!!
Your two-headed ogre closely misses the orc warrior.
The orc warrior hits you from afar with a +2 vorpal glaive.
* * * LOW HITPOINT WARNING * * *
* * * LOW HITPOINT WARNING * * *
The orc hits your two-headed ogre but does no damage. x2
The orc warrior hits you from afar with a +2 vorpal glaive!
* * * LOW HITPOINT WARNING * * *
You die...

................<#
##################
..... ..# ##### #.#o#
#.#o# #.#.# #.#.#
#.#.# #####
#########@#.# .....
.......()O#.### #####
#########oo...#
#.#..## #.#..# #.#..#
#.#..#
################.#^.#
.................#..#


You could see an orc warrior, an orc and a friendly two-headed ogre (summoned,
berserk).

Vanquished Creatures
  Joseph (D:7)
  Menkaure (D:4)
  2 water moccasins (D:5)
  A black bear (D:5)
  An ice beast (D:6)
  2 sky beasts
  A phantom (D:5)
  A centaur (D:5)
  A bullfrog (D:6)
  3 scorpions (D:6)
  A howler monkey (D:4)
  3 hounds
  5 orc priests
  3 orc wizards (D:4)
  Crazy Yiuf (D:2)
  A bullfrog skeleton (D:6)
  Ijyb (D:4)
  An iguana (D:6)
  3 worker ants
  A worker ant zombie (D:6)
  Robin (D:2)
  4 gnolls (D:5)
  5 adders
  A shadow imp (D:6)
  An ufetubus (D:5)
  4 oozes
  An adder skeleton (D:4)
  4 worms
  2 dart slugs
  4 leopard geckos
  23 orcs
  3 giant cockroaches
  9 goblins (D:2)
  10 hobgoblins
  9 jackals
  5 quokkas
  5 ball pythons
  6 bats
  10 frilled lizards
  A jackal skeleton (D:4)
  6 kobolds
  9 rats
157 creatures vanquished.

Notes
Turn   | Place    | Note
-------+----------+-------------------------------------------
     0 | D:1      | Apogee the Minotaur Berserker began the quest for the Orb.
     0 | D:1      | Reached XP level 1. HP: 19/19 MP: 0/0
   307 | D:1      | Reached skill level 4 in Axes
   341 | D:1      | Reached XP level 2. HP: 24/27 MP: 1/1
  1035 | D:2      | Reached XP level 3. HP: 33/33 MP: 2/2
  1121 | D:2      | Reached skill level 5 in Axes
  1221 | D:2      | Reached ** piety under Trog
  1224 | D:2      | Noticed Robin
  1237 | D:2      | Killed Robin
  1237 | D:2      | Reached XP level 4. HP: 35/41 MP: 3/3
  1389 | D:2      | Found a runed translucent door.
  1390 | D:2      | Noticed Crazy Yiuf
  1743 | D:2      | Killed Crazy Yiuf
  1788 | D:3      | Reached skill level 6 in Axes
  1804 | D:3      | Found Zin's Purification Station.
  1869 | D:3      | Reached XP level 5. HP: 47/47 MP: 4/4
  1892 | D:3      | Found a basalt altar of Yredelemnul.
  1947 | D:3      | Found a glowing silver altar of Zin.
  1993 | D:3      | Reached skill level 5 in Fighting
  2012 | D:3      | Found a faded altar of an unknown god.
  2061 | D:3      | Reached *** piety under Trog
  2081 | D:3      | Found a white marble altar of Elyvilon.
  2358 | D:4      | Noticed Ijyb
  2402 | D:4      | Killed Ijyb
  2570 | D:4      | Reached skill level 7 in Axes
  2570 | D:4      | Reached XP level 6. HP: 24/56 MP: 5/5
  2822 | D:4      | Found a staircase to the Ecumenical Temple.
  2846 | D:4      | Found a shimmering altar of Xom.
  2847 | D:4      | Found a shimmering altar of Xom.
  2847 | D:4      | Found a shimmering altar of Xom.
  2847 | D:4      | Found a shimmering altar of Xom.
  2848 | D:4      | Found a shimmering altar of Xom.
  2848 | D:4      | Found a shimmering altar of Xom.
  2848 | D:4      | Found a shimmering altar of Xom.
  2848 | D:4      | Found a shimmering altar of Xom.
  2848 | D:4      | Found a shimmering altar of Xom.
  2849 | D:4      | Found a shimmering altar of Xom.
  3161 | D:4      | Found Solen's Distillery.
  3247 | D:4      | Got a translucent scale mail
  3262 | D:4      | Identified the +6 scale mail of Dishonour {Int+3} (You
                  | found it on level 4 of the Dungeon)
  3274 | D:4      | Found a sacrificial altar of Ru.
  3289 | D:4      | Noticed Menkaure
  3292 | D:4      | Killed Menkaure
  3292 | D:4      | Reached skill level 8 in Axes
  3292 | D:4      | Reached XP level 7. HP: 50/64 MP: 6/6
  3711 | D:5      | Entered Level 5 of the Dungeon
  3793 | D:5      | Reached skill level 9 in Axes
  3860 | D:5      | Reached **** piety under Trog
  4167 | D:5      | Reached XP level 8. HP: 51/73 MP: 7/7
  4369 | D:5      | Reached skill level 10 in Axes
  4531 | D:5      | Found a snail-covered altar of Cheibriados.
  4561 | D:5      | Found Ygeacrilla's Serpentskin Sales.
  5191 | D:6      | Reached skill level 11 in Axes
  5961 | D:7      | Noticed Joseph
  5977 | D:7      | Killed Joseph
  5977 | D:7      | Reached skill level 12 in Axes
  5977 | D:7      | Reached XP level 9. HP: 83/83 MP: 8/8
  6008 | D:7      | HP: 1/83 [orc warrior/+2 vorpal glaive (9)]
  6008 | D:7      | Slain by an orc warrior

Illustrated notes

Levels and vault maps discovered:
D:1:      dpeg_arrival_boxorama, layout_basic
D:2:      layout_basic, uniq_crazy_yiuf_cottage, uniq_robin
D:3:      layout_rooms, nicolae_overflow_hidden_temple, zin_purify,
          lemuel_round_altar, chequers_ecumenical_altar_lobes
D:4:      layout_rooms, xom_redecorated, nicolae_ru_great_annihilating_truth,
          minmay_temple_entry_gardened_gates, serial_shops, shop, uniq_ijyb,
          uniq_menkaure
D:5:      layout_loops_ring, lemuel_coloured_pillars_altar, guppyfry_shop_venom
D:6:      layout_basic, hangedman_decor_growths
D:7:      layout_basic, gammafunk_temple_overflow_elements, uniq_joseph,
          uniq_pikel

Skill      XL: |  1  2  3  4  5  6  7  8 |
---------------+-------------------------+-----
Axes           | 4 5 6 7 8 9 12 | 12.0
Fighting       | 4 5 6 7 9 |  9.2
Armour         | |  2.4
Dodging        | |  2.1

Action                   |  1- 3 |  4- 6 |  7- 9 || total
-------------------------+-------+-------+-------++-------
Melee: Hand axe          |    78 |   166 |   216 ||   460
       Headbutt          |    12 |    24 |    38 ||    74
Invok: Berserk           |     1 |     2 |     1 ||     4
       Brothers in Arms  |       |       |     1 ||     1
 Stab: Paralysed         |       |     2 |       ||     2
Armor: Animal skin       |    12 |       |       ||    12
       Ring mail         |    23 |    50 |       ||    73
       Scale mail        |       |       |   101 ||   101
Dodge: Dodged            |    49 |    71 |    80 ||   200

Table legend: (Time is in decaauts)
 A = Elapsed time spent in this place.
 B = Non-inter-level travel time spent in this place.
 C = Inter-level travel time spent in this place.
 D = Time resting spent in this place.
 E = Time spent auto-exploring this place.
 F = Levels seen in this place.
 G = Mean time per level.
                   A        B        C        D        E       F      G
               +--------+--------+--------+--------+--------+-----+--------+
         Total |   6006 |   5841 |    165 |   1115 |   3823 |   7 |  858.0 |
       Dungeon |   6006 |   5841 |    165 |   1115 |   3823 |   7 |  858.0 |
               +--------+--------+--------+--------+--------+-----+--------+

Top non-repeatable levels by time:
     D:5: 1337 daAuts
     D:4: 1158 daAuts
     D:1: 1005 daAuts
     D:2: 793 daAuts
     D:3: 785 daAuts
     D:6: 777 daAuts
     D:7: 149 daAuts
